 Dungeon Crawl Stone Soup version 0.30-a0-373-gd37427bb62 (webtiles) character file.

Game seed: 1497418106645867601

11825 mopl the Destroyer (level 11, -1/64 HPs)
             Began as an Octopode Hedge Wizard on Nov 24, 2022.
             Was a High Priest of Vehumet.
             Succumbed to their own poison gas
             ... on level 10 of the Dungeon.
             The game lasted 00:32:19 (11134 turns).

mopl the Destroyer (Octopode Hedge Wizard)         Turns: 11134, Time: 00:32:20

Health: -1/64      AC:  6    Str: 17    XL:     11   Next: 83%
Magic:  6/25       EV: 14    Int: 21    God:    Vehumet [*****.]
Gold:   704        SH:  0    Dex: 18    Spells: 15/31 levels left

rFire   + . .      SeeInvis .    i - +4 hand axe of Anxiety {venom, Str+2}
rCold   . . .      Faith    +    (no shield)
rNeg    . . .      Spirit   .    L - +1 hat
rPois   .          Reflect  .    f - amulet of faith {!P}
rElec   .          Harm     .    k - +4 ring of protection
rCorr   +          Rampage  .    s - ring of willpower
Will    +....                    A - ring of resist corrosion
Stlth   +++.......               E - +6 ring of dexterity
HPRegen 0.30/turn                a - ring of protection from fire
MPRegen 0.19/turn                Q - +6 ring of strength
                                 R - ring of flight
                                 (no ring)

@: lethally poisoned (-1 -> -21), on blink cooldown, flying
A: almost no armour, amphibious, 8 rings, camouflage 1, gelatinous body 1,
(nimble swimmer 1), tentacles
a: Renounce Religion


You were on level 10 of the Dungeon.
You worshipped Vehumet.
Vehumet was extremely pleased with you.
You visited 1 branch of the dungeon, and saw 11 of its levels.
You also visited: Sewer.

You collected 704 gold pieces.

Inventory:

Hand Weapons
 i - the +4 hand axe of Anxiety (weapon) {venom, Str+2}
   (You found it on level 2 of the Dungeon)

   It poisons the flesh of those it strikes.
   Str:       It affects your strength (+2).
 G - a +0 dagger of venom
 I - a +2 long sword of flaming
Missiles
 n - 10 boomerangs
 p - a curare-tipped dart
 r - 2 atropa-tipped darts
 B - 2 throwing nets
 K - 41 poisoned darts
Armour
 d - a +0 kite shield
 L - a +1 hat (worn)
Jewellery
 a - a ring of protection from fire (on tentacle)
 f - an amulet of faith (around mantle) {!P}
 k - a +4 ring of protection (left tentacle)
 s - a ring of willpower (right tentacle)
 A - a ring of resist corrosion (on tentacle)
 E - a +6 ring of dexterity (on tentacle)
 Q - a +6 ring of strength (on tentacle)
 R - a ring of flight (on tentacle)
Wands
 l - a wand of iceblast (20)
 o - a wand of digging (6)
 C - a wand of paralysis (2)
Scrolls
 q - 2 scrolls of butterflies {unknown}
 t - 3 scrolls of noise
 u - a scroll of vulnerability {unknown}
 v - 3 scrolls of poison
 x - 3 scrolls of blinking
 y - a scroll of teleportation {unknown}
 D - 3 scrolls of fear
 H - 3 scrolls of amnesia {unknown}
 M - a scroll of magic mapping {unknown}
 N - a scroll of brand weapon {unknown}
 O - a scroll of acquirement {unknown}
 P - a scroll of enchant weapon {unknown}
Potions
 b - 3 potions of brilliance
 c - 2 potions of magic
 e - 3 potions of mutation {!q}
 g - 2 potions of heal wounds
 h - a potion of flight
 j - a potion of invisibility
 m - a potion of cancellation
 w - 7 potions of curing
 z - a potion of lignification {unknown}
 F - 2 potions of ambrosia {unknown}
 J - 2 potions of berserk rage {unknown}


   Skills:
 + Level 1.9 Fighting
 + Level 2.9 Dodging
 - Level 2.6 Stealth
 + Level 5.8 Shields
 * Level 10.7 Spellcasting
 * Level 12.4 Conjurations
 - Level 3.0 Hexes
 - Level 1.0 Summonings
 - Level 3.0 Translocations


You had 15 spell levels left.
You knew the following spells:

 Your Spells              Type           Power      Damage    Failure   Level
a - Magic Dart            Conj           100%       1d8       1%          1
b - Searing Ray           Conj           100%       2d8       1%          2
c - Mephitic Cloud        Conj/Pois/Air  28%        N/A       1%          3
d - Iskenderun's Mystic   Conj/Tloc      43%        2d10      1%          4
e - Blink                 Tloc           46%        N/A       2%          2
g - Fulminant Prism       Conj/Hex       21%        3d12      1%          4

Your spell library contained the following spells:

 Spells                   Type           Power      Damage    Failure   Level
 Sticky Flame             Conj/Fire      37%        2d6       1%          4
 Slow                     Hex            92%        N/A       1%          1
 Static Discharge         Conj/Air       74%        2-6/arc   1%          2
 Hailstorm                Conj/Ice       37%        3d9       1%          3
 Arcjolt                  Conj/Air       18%        1d28      3%          5
 Lightning Bolt           Conj/Air       18%        1d33      3%          5
 Confusing Touch          Hex            23%        N/A       5%          3
 Frozen Ramparts          Ice            22%        1d4       5%          3
 Beastly Appendage        Tmut           22%        N/A       6%          1
 Call Imp                 Summ           15%        N/A       6%          2
 Cigotuvi's Dreadful Rot  Necr/Pois/Air  22%        N/A       9%          2
 Wereblood                Tmut           11%        N/A       9%          2
 Vhi's Electric Charge    Tloc/Air       34%        N/A       10%         3
 Spider Form              Tmut/Pois      11%        N/A       19%         3
 Vampiric Draining        Necr           11%        2d6       19%         3
 Summon Ice Beast         Ice/Summ       13%        N/A       43%         4
 Ice Form                 Ice/Tmut       11%        N/A       52%         4
 Simulacrum               Ice/Necr       5%         N/A       100%        6


Dungeon Overview and Level Annotations

Branches:
Dungeon (11/15)            Temple (0/1) D:4            Lair (0/5) D:10
  Sewer (visited)
    Orc: D:9-12

Altars:
Dithmenos
Hepliaklqana
Makhleb
Okawaru
Vehumet

Shops:
D:7 [

Annotations:
D:2 1 runed translucent door, Crazy Yiuf


Innate Abilities, Weirdness & Mutations

You cannot wear most types of armour.
You are amphibious.
You can wear up to eight rings at the same time.
Your skin changes colour to match your surroundings (Stealth+).
Your rubbery body absorbs attacks. (AC +1, EV +1)
((You are camouflaged when in or above water. (Stealth+)))
You have tentacles for arms and can constrict up to eight enemies at once.


Message History

As you read the scroll labelled DISTRA ROPHENT, it crumbles to dust.
You hear a loud clanging noise!
It was a scroll of noise.
The orc closely misses you. The gargoyle hits you with a +0 flail!!
As you read the scroll labelled UMO INWYTOYNGE, it crumbles to dust.
You assume a fearsome visage.
The orc looks frightened!
The gargoyle is unaffected.
It was a scroll of fear.
The gargoyle hits you with a +0 flail!
* * * LOW HITPOINT WARNING * * *
Okay, then.
You feel much better.
The gargoyle hurls a stone arrow at you.
The stone arrow hits you!
The air fills with toxic fumes!
As you read the scroll labelled GUVITTI SO AFFO, it crumbles to dust.
It was a scroll of poison.
The gargoyle hits you with a +0 flail!
* * * LOW HITPOINT WARNING * * *
You feel much better.
The orc is engulfed in poison gas.
The orc is poisoned.
You kill the orc!
Vehumet accepts your kill.
You feel your power returning.
The gargoyle hurls a stone arrow at you.
The stone arrow hits you!
* * * LOW HITPOINT WARNING * * *
Okay, then.
It was a potion of curing.
You feel better.
The gargoyle hurls a stone arrow at you.
The stone arrow hits you!
* * * LOW HITPOINT WARNING * * *
Casting: Iskenderun's Mystic Blast (dangerous; 1% risk of failure)
Confirm with . or Enter, or press ? or * to list all spells.
You blink.
You are engulfed in poison gas.
You are lethally poisoned!
* * * LOW HITPOINT WARNING * * *
x2 You feel very sick.
Unknown command.
You feel better.
You are engulfed in poison gas.
You are lethally poisoned!
* * * LOW HITPOINT WARNING * * *
You die...

###################..######
#..........................
#.############..###########
#.# #..# #.# #.9#
#.############§§###########
#........(..§§§§§..........
#.........§§§§§.§§.........
#.......§§@########........
#.......§§.# #...#####
#.......§..# #.>.#
#..........########...#####
#.................<[......)
################[<.........
#.)#########
################..#########
#..........................


You could see a gargoyle.

Vanquished Creatures
  Gastronok (D:9)
  4 two-headed ogres
  Pikel (D:4)
  Maggie (D:7)
  Maurice (D:8)
  A komodo dragon (D:10)
  2 unseen horrors
  5 trolls
  Sigmund (D:5)
  A yak (D:9)
  4 wyverns
  3 basilisks (D:10)
  3 steam dragons
  3 vampire mosquitoes (D:11)
  An acid dragon (D:10)
  2 water moccasins (D:6)
  2 orc warriors
  A centaur (D:6)
  An ogre (D:6)
  A phantom (D:5)
  A lemure (D:4)
  3 kobold brigands
  2 necrophages
  2 scorpions
  4 bullfrogs
  7 killer bees
  8 howler monkeys
  4 gnoll boudas
  4 hounds
  A jelly (D:6)
  6 orc priests
  2 iguanas
  13 orc wizards
  20 gnolls
  10 adders
  2 shadow imps
  2 white imps (D:6)
  3 worms
  43 orcs
  18 endoplasms
  11 giant cockroaches
  4 goblins
  7 hobgoblins
  4 jackals (D:1)
  24 kobolds
  11 quokkas
  16 ball pythons
  4 bats
  17 frilled lizards
  6 rats
298 creatures vanquished.

Vanquished Creatures (others)
  An orc wizard (D:5)
  30 fulminant prisms
31 creatures vanquished.

Grand Total: 329 creatures vanquished

Notes
Turn   | Place    | Note
-------+----------+-------------------------------------------
     0 | D:1      | mopl the Octopode Hedge Wizard began the quest for the Orb.
     0 | D:1      | Reached XP level 1. HP: 11/11 MP: 4/4
   173 | D:1      | Reached XP level 2. HP: 17/17 MP: 6/6
   186 | D:1      | Learned a level 2 spell: Blink
   390 | D:1      | Reached XP level 3. HP: 21/21 MP: 7/7
   394 | D:1      | Learned a level 3 spell: Mephitic Cloud
   430 | D:1      | Reached skill level 2 in Conjurations
   908 | D:2      | Identified the +4 hand axe of Anxiety {venom, Str+2}
  1016 | D:2      | Reached XP level 4. HP: 27/27 MP: 2/9
  1464 | D:2      | Reached skill level 2 in Translocations
  1593 | D:2      | Found a runed translucent door.
  1594 | D:2      | Noticed Crazy Yiuf
  1765 | D:3      | Reached skill level 4 in Spellcasting
  1765 | D:3      | Reached skill level 3 in Conjurations
  1765 | D:3      | Reached XP level 5. HP: 31/31 MP: 2/11
  2288 | D:3      | Learned a level 2 spell: Searing Ray
  2338 | D:3      | Learned a level 4 spell: Fulminant Prism
  2666 | D:4      | Reached XP level 6. HP: 21/36 MP: 6/12
  2868 | D:4      | Reached skill level 1 in Hexes
  3008 | D:5      | Entered Level 5 of the Dungeon
  3015 | D:5      | Found an iron altar of Okawaru.
  3122 | D:6      | Found a radiant altar of Vehumet.
  3122 | D:6      | Found a hazy altar of Hepliaklqana.
  3126 | D:6      | Became a worshipper of Vehumet
  3167 | D:6      | Reached skill level 4 in Conjurations
  3169 | D:6      | Reached skill level 5 in Spellcasting
  3169 | D:6      | Reached skill level 3 in Translocations
  3169 | D:6      | Reached XP level 7. HP: 41/41 MP: 7/14
  3182 | D:6      | Reached skill level 2 in Hexes
  3202 | D:6      | Found a glowing drain.
  3238 | Sewer    | Entered a sewer
  3294 | Sewer    | Reached * piety under Vehumet
  3294 | Sewer    | Offered knowledge of Foxfire by Vehumet.
  3366 | Sewer    | Reached ** piety under Vehumet
  3416 | Sewer    | Offered knowledge of Kiss of Death by Vehumet.
  3423 | Sewer    | Reached skill level 5 in Conjurations
  3610 | D:6      | Reached skill level 3 in Hexes
  3610 | D:6      | Reached XP level 8. HP: 36/46 MP: 10/16
  3610 | D:6      | Offered knowledge of Static Discharge by Vehumet.
  3709 | D:5      | Reached skill level 6 in Conjurations
  3894 | D:5      | Reached *** piety under Vehumet
  3899 | D:5      | Reached skill level 6 in Spellcasting
  4232 | D:4      | Found a staircase to the Ecumenical Temple.
  4465 | D:4      | Noticed Pikel
  4479 | D:4      | Killed Pikel
  4480 | D:4      | Reached skill level 7 in Conjurations
  4480 | D:4      | Reached XP level 9. HP: 51/51 MP: 9/18
  4602 | D:4      | Reached skill level 8 in Conjurations
  4609 | D:4      | Offered knowledge of Iskenderun's Mystic Blast by Vehumet.
  4624 | D:4      | Learned a level 4 spell: Iskenderun's Mystic Blast
  4707 | D:5      | Identified the +3 leather armour "Yzxum" {rC+}
  5139 | D:5      | Noticed Sigmund
  5144 | D:5      | Killed Sigmund
  5145 | D:5      | Reached skill level 7 in Spellcasting
  5236 | D:5      | Reached **** piety under Vehumet
  5720 | D:6      | Reached skill level 9 in Conjurations
  6107 | D:7      | Offered knowledge of Lee's Rapid Deconstruction by Vehumet.
  6110 | D:7      | Found Yrheah's Armour Shoppe.
  6268 | D:7      | Noticed Maggie
  6293 | D:7      | Killed Maggie
  6294 | D:7      | Reached skill level 1 in Shields
  6828 | D:7      | Reached skill level 2 in Shields
  6828 | D:7      | Reached skill level 8 in Spellcasting
  6905 | D:8      | Noticed a two-headed ogre
  6957 | D:8      | Noticed Maurice
  6961 | D:8      | Reached XP level 10. HP: 40/56 MP: 22/22
  7113 | D:8      | Reached skill level 10 in Conjurations
  7226 | D:8      | Killed a two-headed ogre
  7227 | D:8      | Reached skill level 3 in Shields
  7228 | D:8      | Killed Maurice
  8010 | D:9      | Noticed Gastronok
  8053 | D:9      | Killed Gastronok
  8054 | D:9      | Reached skill level 4 in Shields
  8054 | D:9      | Reached skill level 9 in Spellcasting
  8054 | D:9      | Reached skill level 11 in Conjurations
  8248 | D:9      | Noticed a two-headed ogre
  8261 | D:9      | Killed a two-headed ogre
  8262 | D:9      | Reached XP level 11. HP: 61/61 MP: 8/24
  8418 | D:9      | Noticed a two-headed ogre
  8431 | D:9      | Killed a two-headed ogre
  8508 | D:9      | Reached skill level 10 in Spellcasting
  8697 | D:9      | Reached skill level 5 in Shields
  8880 | D:9      | Reached ***** piety under Vehumet
  9288 | D:9      | Offered knowledge of Sticky Flame by Vehumet.
  9458 | D:10     | Entered Level 10 of the Dungeon
  9488 | D:10     | Noticed a two-headed ogre
  9567 | D:10     | Killed a two-headed ogre
  9568 | D:10     | Reached skill level 12 in Conjurations
  9861 | D:10     | Found a burning altar of Makhleb.
 10154 | D:10     | Found a shadowy altar of Dithmenos.
 10256 | D:10     | Reached skill level 1 in Fighting
 10369 | D:10     | Found a staircase to the Lair.
 10869 | D:11     | Noticed a two-headed ogre
 11134 | D:10     | Succumbed to their own poison gas

Illustrated notes

Levels and vault maps discovered:
D:1:      onia_arrival_pyramid, layout_basic, minmay_misc_feat_rows
D:2:      layout_loops_ring, uniq_crazy_yiuf_cottage
D:3:      layout_basic, grunt_decor_one_mirror
D:4:      layout_cave_pods, minmay_temple_entry_mist, uniq_pikel
D:5:      layout_layer_cave, overflow_temple_1_default,
          kennysheep_generic_room_10, uniq_sigmund
D:6:      layout_loops_ring, gammafunk_temple_overflow_wave,
          cheibrodos_sewer_entry_drain
D:7:      layout_loops_ring, serial_shops, nicolae_shop_waterfront, uniq_maggie
D:8:      layout_cave_pods, uniq_maurice
D:9:      layout_stronghold, minmay_circle_x, uniq_gastronok
D:10:     layout_long_grid, kennysheep_mini_moat,
          grunt_dithmenos_smoke_and_mirrors, erik_lair_dragon,
          minmay_misc_feat_enclosed, due_unseen_surprise
D:11:     layout_long_grid, nicolae_wu_jian_immortal_techniques

Skill      XL: |  1  2  3  4  5  6  7  8  9 10 11 |
---------------+----------------------------------+-----
Conjurations   | 2 3 4 5 7 9 11 12 | 12.4
Translocations | 2 3 |  3.0
Spellcasting   | 4 5 6 8 9 10 | 10.7
Hexes          | 1 3 |  3.0
Shields        | 2 4 5 |  5.8
Fighting       | 1 |  1.9
Dodging        | |  2.9
Stealth        | |  2.6
Summonings     | |  1.0

Action                   |  1- 3 |  4- 6 |  7- 9 | 10-12 || total
-------------------------+-------+-------+-------+-------++-------
Melee: Dagger            |    38 |       |       |       ||    38
       Tentacles         |    11 |     8 |    24 |    14 ||    57
       Constrict         |     8 |     8 |    28 |    15 ||    59
       Hand axe          |     1 |    56 |   143 |    64 ||   264
       Punch             |       |     1 |       |       ||     1
 Cast: Magic Dart        |    39 |    94 |   125 |    86 ||   344
       Searing Ray       |       |     2 |    17 |    21 ||    40
       Fulminant Prism   |       |       |     6 |    24 ||    30
       Mephitic Cloud    |       |       |     3 |     4 ||     7
       Iskenderun's Myst |       |       |       |    33 ||    33
       Blink             |       |       |       |     1 ||     1
Evoke: Wand              |       |       |       |    12 ||    12
  Use: Scroll            |       |       |     5 |     6 ||    11
       Potion            |       |       |       |     4 ||     4
 Stab: Sleeping          |     1 |     3 |    14 |       ||    18
       Distracted        |     1 |       |       |       ||     1
       Confused          |       |       |     1 |     2 ||     3
       Paralysed         |       |       |       |     6 ||     6
Armor: Skin              |     5 |    15 |    41 |    19 ||    80
Dodge: Dodged            |    19 |    40 |   102 |    62 ||   223

Table legend: (Time is in decaauts)
 A = Elapsed time spent in this place.
 B = Non-inter-level travel time spent in this place.
 C = Inter-level travel time spent in this place.
 D = Time resting spent in this place.
 E = Time spent auto-exploring this place.
 F = Levels seen in this place.
 G = Mean time per level.
                   A        B        C        D        E       F      G
               +--------+--------+--------+--------+--------+-----+--------+
         Total |  11209 |  10702 |    507 |   2224 |   5964 |  12 |  934.1 |
       Dungeon |  10880 |  10373 |    507 |   2194 |   5949 |  11 |  989.1 |
         Sewer |    328 |    328 |      0 |     30 |     15 |   1 |  328.0 |
               +--------+--------+--------+--------+--------+-----+--------+

Top non-repeatable levels by time:
     D:9: 1637 daAuts
     D:5: 1411 daAuts
    D:10: 1399 daAuts
     D:4: 1077 daAuts
     D:7: 925 daAuts
     D:2: 919 daAuts
     D:8: 881 daAuts
     D:3: 834 daAuts
     D:1: 817 daAuts
     D:6: 743 daAuts
   Sewer: 328 daAuts
    D:11: 234 daAuts
